Map: Orbital Shipyard

Players

EJK

  • Race: Terran Terran
  • League: Master

IIIIIIIIIIII - Winner!

  • Race: Protoss Protoss
  • League: Master

VOD

Have the link to the VOD?

Description

Time

  • Played on: Feb. 6, 2016, 8:21 p.m.
  • Length: 11:04
Show
View Real Time Build Order
Export as new Build Order

EJK Terran 

Build Orders: Cyclone Opening, Mech 

Get SALT Encoding   

  12  0:00  SCV  
  14  0:14  SCV  
  14  0:18  Supply Depot  
  14  0:26  SCV  
  15  0:30  Refinery  
  15  0:39  SCV  
  16  0:48  Barracks  
  16  0:52  SCV  
  17  1:04  SCV  
  18  1:16  SCV  
  19  1:36  Orbital Command, Marine  
  19  1:37  Factory  
  20  1:56  Command Center  
  20  2:03  SCV  
  20  2:08  Supply Depot  
  21  2:11  Marine  
  22  2:17  SCV  
  22  2:21  Factory Tech Lab  
  23  2:29  Marine, SCV  
  25  2:35  Refinery  
  25  2:40  Cyclone  
  25  2:41  SCV  
  29  2:47  Marine  
  29  2:50  Supply Depot  
  30  2:55  SCV  
  31  3:07  Marine  
  31  3:08  SCV  
  31  3:09  Orbital Command  
  33  3:20  Cyclone  
  33  3:22  SCV  
  33  3:25  Marine  
  38  3:36  SCV x2  
  40  3:41  Command Center  
  40  3:48  SCV x2  
  40  3:49  Refinery  
  40  3:51  Reaper  
  43  3:57  Siege Tank  
  43  4:01  SCV x2  
  48  4:08  Supply Depot  
  48  4:13  SCV  
  48  4:16  Starport  
  49  4:17  SCV  
  50  4:25  SCV  
  50  4:27  Barracks Reactor  
  50  4:29  SCV  
  52  4:33  Refinery  
  52  4:35  Siege Tank  
  52  4:38  SCV  
  56  4:40  Liberator  
  56  4:41  SCV  
  56  4:42  Supply Depot  
  56  4:43  Engineering Bay  
  57  4:50  SCV  
  58  4:54  SCV  
  58  4:58  Orbital Command  
  61  5:04  Supply Depot  
  62  5:11  Siege Tank  
  62  5:12  Marine x2  
  66  5:16  SCV x2  
  69  5:28  SCV x2  
  69  5:29  Factory, SCV  
  71  5:40  SCV x2  
  71  5:41  SCV  
  70  5:43  Siege Tank  
  71  5:52  SCV x2  
  71  5:54  SCV  
  65  5:59  Marine x2  
  64  6:04  SCV  
  64  6:05  SCV  
  64  6:08  SCV  
  64  6:15  Hellion  
  64  6:16  SCV  
  66  6:24  Factory Tech Lab  
  66  6:25  Orbital Command  
  66  6:29  SCV x2  
  69  6:38  Medivac  
  69  6:39  Factory  
  70  6:41  SCV x2  
  70  6:46  Siege Tank  
  75  6:52  SCV  
  75  6:53  Siege Tank, SCV  
  80  6:55  SCV  
  81  7:04  SCV  
  81  7:05  SCV  
  81  7:07  SCV  
  81  7:09  Supply Depot x2  
  81  7:11  Refinery  
  81  7:12  Refinery  
  81  7:14  Missile Turret  
  81  7:16  SCV  
  81  7:18  SCV  
  81  7:19  Medivac, SCV  
  86  7:28  SCV  
  87  7:30  SCV  
  87  7:32  SCV  
  87  7:36  Widow Mine x4  
  93  7:37  Supply Depot  
  93  7:40  SCV  
  93  7:42  SCV  
  93  7:44  Factory, SCV  
  100  7:45  Factory  
  100  7:52  SCV  
  100  7:53  Missile Turret  
  100  7:54  SCV  
  100  7:56  SCV  
  103  7:59  Starport Reactor  
  103  8:03  Supply Depot  
  103  8:04  SCV, Widow Mine  
  103  8:05  Widow Mine x2  
  108  8:06  SCV  
  108  8:08  SCV  
  101  8:25  Cyclone  
  99  8:27  SCV x2  
  99  8:28  SCV  
  108  8:34  Cyclone, Hellion x2  
  108  8:39  SCV  
  108  8:40  SCV  
  100  8:43  SCV  
  93  8:49  Factory Reactor  
  93  8:51  SCV  
  93  8:52  SCV  
  93  8:54  Factory Tech Lab  
  87  8:57  Infernal Pre-Igniter  
  87  9:03  SCV  
  87  9:04  SCV x2  
  87  9:07  Armory  
  81  9:17  SCV x3  
  81  9:18  Cyclone x2  
  90  9:29  SCV x2  
  90  9:30  SCV  
  87  9:41  SCV x2  
  87  9:42  SCV  
  86  9:53  SCV  
  86  9:54  SCV x2  
  89  10:01  Cyclone  
  89  10:02  Cyclone x2  
  89  10:06  SCV x3  
  101  10:17  Missile Turret  
  101  10:18  SCV x3, Missile Turret  
  104  10:30  SCV x3, Hellion  
  104  10:31  Hellion x2  
  115  10:42  SCV x3  
  118  10:52  Missile Turret  
Show
View Real Time Build Order
Export as new Build Order

IIIIIIIIIIII Protoss - Winner!

Build Orders: 1 Gate Expand 

Get SALT Encoding   

  12  0:00  Probe (Chrono Boost)  
  13  0:11  Probe (Chrono Boost)  
  14  0:18  Pylon  
  14  0:21  Probe (Chrono Boost)  
  15  0:36  Probe (Chrono Boost)  
  15  0:38  Gateway  
  16  0:47  Probe (Chrono Boost)  
  16  0:48  Assimilator  
  17  0:57  Probe (Chrono Boost)  
  18  1:08  Probe (Chrono Boost)  
  20  1:18  Probe (Chrono Boost)  
  20  1:27  Nexus  
  20  1:33  Cybernetics Core  
  20  1:34  Probe (Chrono Boost)  
  21  1:40  Assimilator  
  22  1:51  Pylon  
  22  1:52  Probe (Chrono Boost)  
  22  2:03  Probe (Chrono Boost)  
  23  2:09  Adept (Chrono Boost), Warp Gate  
  23  2:14  Probe  
  26  2:22  Twilight Council  
  26  2:26  Probe (Chrono Boost)  
  27  2:38  Probe (Chrono Boost)  
  27  2:41  Forge  
  28  2:45  Probe (Chrono Boost)  
  28  2:46  Adept  
  28  2:48  Probe (Chrono Boost)  
  32  2:55  Probe (Chrono Boost)  
  33  3:01  Resonating Glaives (Chrono Boost), Probe (Chrono Boost)  
  33  3:04  Probe  
  34  3:08  Protoss Ground Weapons Level 1 (Chrono Boost)  
  35  3:13  Probe  
  35  3:15  Probe  
  37  3:22  Pylon  
  37  3:26  Probe  
  37  3:27  Robotics Facility, Probe  
  37  3:31  Adept  
  41  3:36  Probe  
  41  3:39  Probe  
  43  3:48  Gateway, Probe  
  43  3:53  Gateway  
  45  3:56  Gateway  
  45  4:00  Mothership Core, Probe  
  47  4:11  Probe  
  47  4:13  Warp Prism (Chrono Boost)  
  50  4:20  Pylon  
  50  4:21  Probe  
  50  4:22  Pylon  
  51  4:26  Pylon  
  51  4:27  Probe  
  51  4:31  Adept  
  54  4:38  Probe  
  54  4:43  Probe  
  57  4:45  Observer (Chrono Boost)  
  57  4:50  Probe  
  57  4:51  Nexus, Protoss Ground Weapons Level 2  
  58  4:56  Pylon  
  58  5:00  Probe, Blink (Chrono Boost)  
  58  5:01  Assimilator x2  
  58  5:02  Probe  
  58  5:04  Pylon  
  60  5:13  Probe  
  61  5:15  Probe  
  62  5:24  Adept  
  62  5:25  Adept x3  
  66  5:41  Probe x2  
  68  5:46  Immortal (Chrono Boost)  
  68  5:48  Pylon  
  68  5:53  Probe x2  
  70  5:57  Gateway  
  66  6:05  Probe x2  
  64  6:13  Probe  
  64  6:16  Sentry x2  
  64  6:17  Probe  
  68  6:19  Gateway  
  68  6:20  Gateway  
  68  6:22  Gateway  
  68  6:23  Gateway  
  68  6:26  Gateway  
  68  6:27  Gateway  
  68  6:39  Stalker  
  68  6:40  Stalker x3  
  74  6:54  Stalker  
  76  6:55  Probe  
  76  6:56  Probe x2  
  76  6:58  Warp Prism (Chrono Boost)  
  78  7:05  Probe  
  79  7:08  Probe x2  
  79  7:15  Assimilator  
  81  7:16  Probe  
  81  7:17  Pylon x2  
  81  7:19  Protoss Ground Weapons Level 3  
  81  7:20  Assimilator, Probe x2  
  81  7:21  Stalker x2  
  88  7:25  Adept x2  
  88  7:28  Adept  
  88  7:29  Observer (Chrono Boost)  
  95  7:30  Adept  
  97  7:38  Stalker x3  
  97  7:44  Templar Archives, Probe x2  
  105  7:50  Observer (Chrono Boost)  
  106  7:51  Probe  
  106  7:55  Pylon  
  106  7:56  Probe  
  106  7:57  Pylon  
  108  7:58  Pylon  
  108  8:01  Probe  
  108  8:03  Pylon  
  108  8:04  Pylon  
  109  8:18  Adept x6  
  109  8:19  Adept x2  
  125  8:27  Psionic Storm  
  123  8:39  High Templar  
  123  8:40  High Templar x2  
  113  9:00  Nexus  
  113  9:01  Pylon  
  101  9:14  Adept x4  
  105  9:22  Stalker x2  
  105  9:23  Stalker x5, Immortal  
  116  9:59  Adept x7  
  130  10:00  Adept x4  
  130  10:02  Observer  
  132  10:15  Assimilator  
  132  10:17  Assimilator, Probe  
  132  10:18  Photon Cannon x2  
  132  10:19  Probe x2  
  135  10:29  Adept  
  135  10:30  Adept x9  
  135  10:31  Probe  
  156  10:41  Observer  
  151  10:43  Probe  
  151  11:04  Archon  
Tags
 
Add a new tag
Caveats
  • Supply blocks, unpowered buildings, or Contaminate may cause inaccurate times.
  • Supply counts are checked every 10 seconds.